 Dungeon Crawl Stone Soup version 0.14-a0-1576-gf4c5cb9 (webtiles) character file.

2233 4tharraofdagon the Twirler (level 8, -10/67 HPs)
             Began as a Demigod Gladiator on Dec 21, 2013.
             Mangled by a cyclops zombie (14 damage)
             ... on Level 9 of the Dungeon.
             The game lasted 00:16:35 (3034 turns).

4tharraofdagon the Twirler (Demigod Gladiator)      Turns: 3034, Time: 00:16:36

HP -10/67        AC 13     Str 22      XL: 8   Next: 83%
MP  17/17        EV  7     Int 16      God:
Gold 91          SH  0     Dex 17      Spells:  0 memorised,  7 levels left

rFire  . . .     SeeInvis +     a - +0,-1 quarterstaff
rCold  . . .     Clarity  .     t - +2 chain mail
rNeg   . . .     Conserve .     (no shield)
rPois  .         rCorr    .     c - +0 helmet
rElec  +         rRot     .     u - +0 cloak
SustAb . .       Spirit   .     (no gloves)
rMut   .         Warding  .     (no boots)
Saprov . . .     Stasis   .     (no amulet)
                                F - ring of Ytumatinti {+Fly rElec SInv}
                                m - +3 ring of intelligence

@: somewhat resistant to hostile enchantments, extremely unstealthy
A: no striking features
a: Evoke Flight


You were on level 9 of the Dungeon.
You were not hungry.

You visited 1 branch of the dungeon, and saw 9 of its levels.

You collected 299 gold pieces.
You spent 208 gold pieces at shops.

Inventory:

Hand weapons
 a - a +0,-1 quarterstaff (weapon)
 d - a +0,+2 bow of evasion
Missiles
 o - 41 darts (quivered)
 z - a throwing net [frayed]
 A - a throwing net [frayed]
Armour
 b - a +0 leather armour
 c - a +0 helmet (worn)
 g - a +0 orcish plate armour
 k - a +0 ring mail
 n - a +0 scale mail
 t - a +2 chain mail (worn)
 u - a +0 cloak (worn)
 K - a +1 dwarven buckler
Magical devices
 w - a wand of draining (0)
 P - a wand of slowing (3)
Comestibles
 f - 5 bread rations
 i - 2 apples
 j - a slice of pizza
 l - 2 meat rations
 s - a choko
Scrolls
 e - 4 scrolls of remove curse
 p - a scroll of amnesia
 v - a scroll of random uselessness {unknown}
 M - 2 scrolls of enchant armour
 N - 2 scrolls of enchant weapon I
Jewellery
 m - a +3 ring of intelligence (left hand)
 r - an uncursed ring of ice
 x - a cursed ring of hunger
 y - a cursed -3 ring of evasion
 D - an uncursed ring of teleportation
 F - the ring of Ytumatinti (right hand) {+Fly rElec SInv}
   (You found it on level 5 of the Dungeon)

   [ring of see invisible]

   It insulates you from electricity.
   It lets you fly.
Potions
 h - a potion of confusion
 B - a potion of brilliance
 C - a potion of resistance
 E - a potion of might
 G - 2 potions of flight {unknown}
 H - a potion of degeneration
 J - 2 potions of mutation {unknown}
 L - a potion of paralysis
 O - a potion of agility {unknown}
 Q - a potion of poison
 R - 2 potions of curing {unknown}


   Skills:
 + Level 4.9 Fighting
 * Level 7.3 Staves
 - Level 1.7 Throwing
 + Level 4.2 Armour
 + Level 5.3 Dodging
 - Level 3.6 Evocations


You had 7 spell levels left.
You didn't know any spells.

Dungeon Overview and Level Annotations

Branches:
Dungeon (9/16)             Temple (0/1) D:6
    Orc: D:9-12        Lair: D:8-11

Shops:
D:4 =   D:6 ?

Annotations:
D:9 Prince Ribbit


Message History

The cyclops zombie hits you!
You hit the cyclops zombie. You hit the cyclops zombie.
The cyclops zombie hits you.
You hit the cyclops zombie.
You hit the cyclops zombie but do no damage.
The cyclops zombie hits you.
You hit the cyclops zombie but do no damage.
You hit the cyclops zombie. The cyclops zombie hits you!
You hit the cyclops zombie. You sock the cyclops zombie!
The cyclops zombie hits you!
* * * LOW HITPOINT WARNING * * *
You are too injured to fight recklessly!
You are too injured to fight recklessly!
You are too injured to fight recklessly!
You hit the cyclops zombie.
You hit the cyclops zombie but do no damage.
The cyclops zombie hits you but does no damage.
You hit the cyclops zombie. You hit the cyclops zombie.
The cyclops zombie hits you!
You die...

.......# *,*,,,,*,*,, .......#
*,*,,,,*,*,, (......############
*,*,,,,*,*,, ..................#
*,,,,,,,,,,,
..................######.,,,*,*,,
..........................,,*,,,,
..###############.######...,***,,
#.# #............#*,** *,, #.#
#....@...?$..#*,* *,, #.#
#....Z.......#*,* *** #.#
#............#*,* #.#
#............#*,****** #.#
#...........$..,,,,,,* #.#
#............#*,***,*, #.#
#............**,* *,*, #.#
*...........,**,* *,*, #.######
*,,,....>,,,,**,* *,**


You could see a cyclops zombie.

Vanquished Creatures
  Grinder (D:4)
  A troll (D:9)
  2 sky beasts
  2 orc warriors (D:7)
  A yellow wasp (D:8)
  An ice beast (D:7)
  A centaur (D:5)
  An ogre (D:4)
  6 giant frogs
  A giant frog zombie (D:5)
  A hound (D:6)
  2 crimson imps (D:6)
  2 orc priests
  A jelly (D:9)
  4 orc wizards
  A worker ant (D:7)
  Terence (D:3)
  A worker ant zombie (D:5)
  5 adders
  3 gnolls (D:6)
  A worm (D:7)
  2 giant eyeballs (D:6)
  11 orcs
  7 bats
  A giant cockroach (D:2)
  8 hobgoblins
  8 jackals
  7 kobolds
  2 giant geckos
  3 giant newts
  A giant spore (D:9)
  9 goblins
  A hobgoblin skeleton (D:5)
  An orc skeleton (D:7)
  A quokka (D:6)
  7 rats
  3 ballistomycetes (D:9)
111 creatures vanquished.

Notes
Turn   | Place    | Note
--------------------------------------------------------------
     0 | D:1      | 4tharraofdagon, the Demigod Gladiator, began the quest for the Orb.
     0 | D:1      | Reached XP level 1. HP: 17/17 MP: 2/2
   198 | D:1      | Reached skill level 3 in Staves
   199 | D:1      | Reached XP level 2. HP: 22/24 MP: 3/3
   363 | D:2      | Reached XP level 3. HP: 27/29 MP: 5/5
   462 | D:3      | Reached skill level 1 in Armour
   623 | D:3      | Found a basalt altar of Yredelemnul.
   769 | D:4      | Found Gatramu's Jewellery Shoppe.
   789 | D:4      | Bought a cursed ring of hunger for 26 gold pieces
   789 | D:4      | Bought a cursed -3 ring of evasion for 26 gold pieces
   816 | D:4      | Noticed Grinder
   837 | D:4      | Paralysed by Grinder for 4 turns
   845 | D:4      | Killed Grinder
   845 | D:4      | Reached skill level 4 in Staves
   845 | D:4      | Reached skill level 1 in Evocations
   845 | D:4      | Reached XP level 4. HP: 22/37 MP: 6/8
   845 | D:4      | Reached XP level 5. HP: 26/44 MP: 6/9
   961 | D:4      | Noticed an ogre
   972 | D:4      | Killed an ogre
   972 | D:4      | Reached XP level 6. HP: 12/51 MP: 11/11
  1011 | D:3      | Noticed Terence
  1030 | D:3      | Killed Terence
  1059 | D:3      | timbw: ddoor & borg is pretty fun
  1075 | D:3      | timbw: idk why I havnt used them before
  1297 | D:5      | Entered Level 5 of the Dungeon
  1326 | D:5      | Reached skill level 5 in Staves
  1443 | D:5      | Got a crude tin ring
  1629 | D:5      | Reached XP level 7. HP: 54/57 MP: 14/14
  1659 | D:6      | Found a staircase to the Ecumenical Temple.
  1866 | D:6      | Paralysed by a giant eyeball for 3 turns
  1992 | D:6      | Identified the ring of Ytumatinti {+Fly rElec SInv} (You found it on level 5 of the Dungeon)
  2032 | D:6      | Found Fyn Bly's Magic Scroll Shoppe.
  2076 | D:6      | Bought a scroll of enchant armour for 66 gold pieces
  2076 | D:6      | Bought a scroll of enchant weapon I for 66 gold pieces
  2076 | D:6      | Bought a scroll of identify for 24 gold pieces
  2143 | D:6      | Reached skill level 6 in Staves
  2210 | D:7      | Reached XP level 8. HP: 59/66 MP: 17/17
  2305 | D:7      | Found a shattered altar of Ashenzari.
  2306 | D:7      | Found a glowing golden altar of the Shining One.
  2536 | D:8      | Found a white marble altar of Elyvilon.
  2570 | D:8      | Reached skill level 5 in Dodging
  2611 | D:9      | Noticed Prince Ribbit
  2758 | D:9      | Reached skill level 7 in Staves
  2810 | D:9      | Noticed a troll
  2860 | D:9      | Killed a troll
  2871 | D:9      | :(
  3030 | D:9      | HP: 3/67 [cyclops zombie (20)]
  3034 | D:9      | Mangled by a cyclops zombie

Action                   |  1- 3 |  4- 6 |  7- 9 || total
-------------------------+-------+-------+-------++-------
Melee: Quarterstaff      |   113 |   108 |   258 ||   479
Throw: Throwing net      |     3 |     2 |       ||     5
       Dart              |       |       |     1 ||     1
Evoke: Wand              |     1 |       |    21 ||    22
  Use: Potion            |     1 |       |     2 ||     3
       Scroll            |       |     5 |     7 ||    12
 Stab: Held in net/web   |     3 |       |       ||     3
       Invisible         |       |       |     6 ||     6
